 Dungeon Crawl Stone Soup version 0.31-a0-1626-g5cb510d322 (webtiles) character file.

Game seed: 1576595990945695486

2 Malachi the Trooper (level 1, 0/24 HPs)
             Began as an Oni Cinder Acolyte on Jan 12, 2024.
             Was a High Priest of Ignis.
             Slain by a goblin
             ... wielding a +0 dagger
              (1 damage)
             ... on level 1 of the Dungeon.
             The game lasted 00:00:10 (70 turns).

Malachi the Trooper (Oni Cinder Acolyte)              Turns: 70, Time: 00:00:11

Health: 0/24       AC:  3    Str: 17    XL:     1   Next: 40%
Magic:  2/2        EV:  9    Int: 15    God:    Ignis [*****.]
Gold:   0          SH:  0    Dex:  4    Spells: 2/2 levels left

rFire   + . .        a - -1 mace (flame)
rCold   . . .        (no shield)
rNeg    . . .        b - +0 robe
rPois   .            (helmet restricted)
rElec   .            (no cloak)
rCorr   .            (gloves unavailable)
SInv    .            (boots unavailable)
Will    .....        (no amulet)
Stlth   +            (no ring)
HPRegen 0.24/turn    (no ring)
MPRegen 0.08/turn

%: no passive effects
@: no status effects
A: large, unfitting armour, horns 1, tough skin 1, double potion healing,
drunken brawling
a: Renounce Religion, Fiery Armour, Foxfire Swarm, Rising Flame


You were on level 1 of the Dungeon.
You worshipped Ignis.
Ignis was extremely pleased with you.
You visited 1 branch of the dungeon, and saw 1 of its levels.

Inventory:

Hand Weapons
 a - a -1 mace of flaming (weapon)
Armour
 b - a +0 robe (worn)
Potions
 c - a potion of resistance {unknown}


   Skills:
 + Level 4.0 Fighting
 + Level 3.0 Maces & Flails
 - Level 1.3 Spellcasting
 - Level 2.7 Fire Magic


You had 2 spell levels left.
You didn't know any spells.
Your spell library contained the following spells:

 Spells                   Type           Power      Damage    Failure   Level
 Scorch                   Fire           18%        2d5       12%         2


Dungeon Overview and Level Annotations

Branches:
Dungeon (1/15)

Altars:


Innate Abilities, Weirdness & Mutations

You are too large for most types of armour.
You have a pair of small horns on your head.
You have tough skin. (AC +1)
You gain doubled healing and magic from potions.
Whenever you drink a healing potion, you attack all around you.


Message History

The bat hits you but does no damage.
A frilled lizard and a goblin come into view.
The frilled lizard hisses angrily.
The goblin shouts!
The bat hits you.
A goblin comes into view. It is wielding a +0 dagger.
Found a leather armour.
The bat hits you.
A frilled lizard comes into view.
The frilled lizard hisses angrily.
The bat barely misses you. The goblin hits you with a +0 club.
You closely miss the goblin. Your headbutt misses the goblin.
The bat hits you but does no damage. x2; The goblin hits you with a +0 club.
The bat hits you but does no damage. The goblin closely misses you.
You hit the goblin. You burn the goblin.
The goblin is severely wounded.
The bat hits you but does no damage. The bat barely misses you.
The goblin hits you with a +0 club.
The goblin hits you with a +0 dagger. x2
You are too injured to fight recklessly!
You are too injured to fight recklessly!
There are monsters nearby!
There are monsters nearby!
You are too injured to fight recklessly!
You are too injured to fight recklessly!
Unknown command.
You see here a sedimented blue potion.
You barely miss the frilled lizard. The bat barely misses you.
The bat closely misses you. The frilled lizard bites you.
The goblin hits you but does no damage. The goblin hits you with a +0 dagger.
The bat closely misses you. The frilled lizard bites you.
* * * LOW HITPOINT WARNING * * *
The goblin hits you with a +0 club.
* * * LOW HITPOINT WARNING * * *
A goblin comes into view. It is wielding a +0 dagger.
The goblin shouts!
The bat hits you but does no damage. The frilled lizard barely misses you.
The goblin hits you with a +0 club.
* * * LOW HITPOINT WARNING * * *
The frilled lizard bites you.
* * * LOW HITPOINT WARNING * * *
The goblin attacks as it pursues you! The goblin hits you with a +0 dagger.
You die...

##)#
###.........###
#..# ###.....###
#.## ....... #.#
..... #.# ~~
#######.##
.........#
........g##########
###.....l.g@..g....
#.....bl....#####
#......g....#
..............#
.........######
..........
#..........
#.[........
#........###


You could see 4 goblins, a bat and 2 frilled lizards.

Vanquished Creatures
  A bat (D:1)
  A goblin (D:1)
2 creatures vanquished.

Notes
Turn   | Place    | Note
-------+----------+-------------------------------------------
     0 | D:1      | Malachi the Oni Cinder Acolyte began the quest for the Orb.
     0 | D:1      | Reached XP level 1. HP: 24/24 MP: 2/2
    69 | D:1      | HP: 1/24 [frilled lizard (1)]
    70 | D:1      | Slain by a goblin

Illustrated notes

Levels and vault maps discovered:
D:1:      nzn_arrival_depleted_hourglass, layout_basic, serial_shops,
          nicolae_diamond_shop, nicolae_shop_window_shopping

Action                     || total
---------------------------++-------
  Melee: Mace              ||    14
 Armour: Robe              ||    35
  Dodge: Dodged            ||    11

Table legend: (Time is in decaauts)
 A = Elapsed time spent in this place.
 B = Non-inter-level travel time spent in this place.
 C = Inter-level travel time spent in this place.
 D = Time resting spent in this place.
 E = Time spent auto-exploring this place.
 F = Levels seen in this place.
 G = Mean time per level.
                   A        B        C        D        E       F      G
               +--------+--------+--------+--------+--------+-----+--------+
         Total |     73 |     73 |      0 |      0 |     43 |   1 |   73.0 |
       Dungeon |     73 |     73 |      0 |      0 |     43 |   1 |   73.0 |
               +--------+--------+--------+--------+--------+-----+--------+

Top non-repeatable levels by time:
     D:1: 73 daAuts
